 Dungeon Crawl Stone Soup version 0.28-a0-622-gbaef9634d7 (webtiles) character file.

Game seed: 1179540462378600860

295 Irenicus the Geomancer (level 6, 0/49 HPs)
             Began as a Deep Dwarf Earth Elementalist on Oct 7, 2021.
             Was a Follower of Makhleb.
             Slain by a river rat (5 damage)
             ... in a sewer.
             The game lasted 00:13:40 (1479 turns).

Irenicus the Geomancer (DDEE)                       Turns: 1479, Time: 00:13:41

Health: 0/49       AC:  3    Str:  8 (11) XL:     6   Next: 11%
Magic:  1/8        EV: 11    Int: 17 (18) God:    Makhleb [*.....]
Gold:   156        SH:  0    Dex: 11 (13) Spells: 2/8 levels left

rFire   . . .      SeeInvis .   i - +0 dagger (venom)
rCold   . . .      Faith    .   (no shield)
rNeg    + . .      Spirit   .   a - +0 leather armour {rN+}
rPois   .          Reflect  .   (no helmet)
rElec   .          Harm     .   (no cloak)
rCorr   .          Rampage  .   (no gloves)
Will    .....                   (no boots)
Stlth   ++........              g - amulet of the acrobat
HPRegen 0.00/turn               (no ring)
MPRegen 0.11/turn               (no ring)

@: no status effects
A: damage resistance, heal wounds, sense surroundings 1, no regeneration
a: Heal Wounds, Renounce Religion


You were in a sewer.
You worshipped Makhleb.
Makhleb was aware of your devotion.
You visited 1 branch of the dungeon, and saw 3 of its levels.
You also visited: Sewer.

You collected 156 gold pieces.


Innate Abilities, Weirdness & Mutations

You are resistant to damage.
You can heal yourself by infusing magical energy.
You passively map a small area around you.
You do not regenerate.


   Skills:
 - Level 2.1 Dodging
 - Level 2.4 Stealth
 - Level 1.7 Spellcasting
 - Level 0.8 Transmutations
 + Level 9.1 Earth Magic


You had 2 spell levels left.
You knew the following spells:

 Your Spells              Type           Power      Damage    Failure   Level
t - Stone Arrow           Conj/Erth      34%        3d9       13%         3
w - Passwall              Tmut/Erth      15%        N/A       5%          2
z - Sandblast             Erth           64%        2d14      1%          1

Your spell library contained the following spells:

 Spells                   Type           Power      Damage    Failure   Level
 Petrify                  Tmut/Erth      18%        N/A       36%         4

Inventory:

Hand Weapons
 c - a +1 dagger of holy wrath
 i - a +0 dagger of venom (weapon)
Missiles
 n - 4 stones
Armour
 a - a +0 leather armour of positive energy (worn)
Jewellery
 g - an amulet of the acrobat (around neck)
 L - a ring of flight
Scrolls
 b - 2 scrolls of teleportation {unknown}
 j - a scroll of fear {unknown}
 k - a scroll of enchant armour {unknown}
 l - a scroll of blinking {unknown}
 p - a scroll of immolation
Potions
 d - a potion of mutation
 e - a potion of flight
 h - a potion of invisibility
 o - a potion of resistance

Dungeon Overview and Level Annotations

Branches:
Dungeon (3/15)              Sewer (1/1)

Altars:
Makhleb
Wu Jian

Shops:
D:1 ?

Annotations:
D:3 1 runed translucent door, sn0wgr3's ghost, amateur GrFi

▒r▒
▒.▒
▒.▒
▒.▒
▒∩▒
▒.▒
▒r▒
▒r▒
▒@▒
▒.▒
▒.▒
▒.▒
▒.▒
▒≈▒
▒≈▒
▒≈▒
▒≈▒


You could see 2 river rats.


Message History

Casting: Sandblast (safe; 1% risk of failure)
Confirm with . or Enter, or press ? or * to list all spells.
Aiming: Sandblast (safe; 1% risk of failure)
Press: ? - help, Shift-Dir - straight line, f/p - river rat
Aim: a river rat (heavily wounded, 80% to hit)
The blast of sand hits the river rat.
The river rat is severely wounded.
Casting: Sandblast (safe; 1% risk of failure)
Confirm with . or Enter, or press ? or * to list all spells.
Okay, then.
You hit the river rat but do no damage.
The river rat is severely wounded.
The river rat bites you.
You completely miss the river rat.
The river rat is severely wounded.
The river rat barely misses you.
You closely miss the river rat.
The river rat is severely wounded.
The river rat bites you but does no damage.
You closely miss the river rat.
The river rat is severely wounded.
The river rat bites you.
* * * LOW HITPOINT WARNING * * *
Casting: Sandblast (safe; 1% risk of failure)
Confirm with . or Enter, or press ? or * to list all spells.
Aiming: Sandblast (safe; 1% risk of failure)
Press: ? - help, Shift-Dir - straight line, f/p - river rat
Aim: a river rat (severely wounded, 80% to hit)
The blast of sand misses the river rat. x2; The river rat bites you!
You die...

Skill      XL: |  1  2  3  4  5  6 |
---------------+-------------------+-----
Earth Magic    | 5 6 8 9 |  9.1
Dodging        | |  2.1
Stealth        | |  2.4
Spellcasting   | |  1.7
Transmutations | |  0.8

Action                   |  1- 3 |  4- 6 || total
-------------------------+-------+-------++-------
Melee: Dagger            |    55 |    46 ||   101
       Unarmed           |     1 |       ||     1
 Cast: Sandblast         |    34 |    35 ||    69
       Passwall          |     2 |     2 ||     4
       Stone Arrow       |       |     4 ||     4
 Abil: Heal Wounds       |       |     1 ||     1
  Use: Scroll            |     1 |     3 ||     4
       Potion            |       |     1 ||     1
 Stab: Sleeping          |     5 |     4 ||     9
Armor: Leather armour    |    18 |    11 ||    29
Dodge: Dodged            |    37 |    21 ||    58

Levels and vault maps discovered:
D:1:      roderic_octagonal_star, layout_loops_ring, serial_shops, shop,
          shapermc_ecumenical_altar_mp_vishouse
D:2:      layout_basic, serial_glass, glass_columns_b, glass_columns_a,
          basic_altar, uniq_jessica, uniq_sigmund
D:3:      layout_loops_ring, old_standard_altar, mainiacjoe_overflow_alcove_2,
          portal_sewer_entry_b, ebering_ghost_inner_flame
Sewer:    sewer_kobolds

Notes
Turn   | Place    | Note
-------+----------+-------------------------------------------
     0 | D:1      | Irenicus the Deep Dwarf Earth Elementalist began the quest
                  | for the Orb.
     0 | D:1      | Reached XP level 1. HP: 15/15 MP: 3/3
   112 | D:1      | Reached XP level 2. HP: 22/22 MP: 2/4
   210 | D:1      | Learned a level 2 spell: Passwall
   226 | D:1      | Reached skill level 5 in Earth Magic
   270 | D:1      | Found a faded altar of an unknown god.
   367 | D:1      | Found Etsaess's Magic Scroll Emporium.
   448 | D:1      | Reached XP level 3. HP: 28/28 MP: 2/5
   589 | D:2      | Noticed Jessica
   625 | D:2      | Killed Jessica
   626 | D:2      | Reached skill level 6 in Earth Magic
   729 | D:2      | Reached XP level 4. HP: 11/36 MP: 1/6
   759 | D:2      | Found an ornate altar of the Wu Jian Council.
   774 | D:2      | Noticed Sigmund
   779 | D:2      | HP: 1/36 [something (4)]
   780 | D:2      | Killed Sigmund
   781 | D:2      | Reached skill level 8 in Earth Magic
   781 | D:2      | Reached XP level 5. HP: 1/42 MP: 0/7
  1079 | D:3      | Noticed an ogre
  1149 | D:3      | Learned a level 3 spell: Stone Arrow
  1173 | D:3      | Found a burning altar of Makhleb.
  1190 | D:3      | Became a worshipper of Makhleb the Destroyer
  1252 | D:3      | Found a runed translucent door.
  1253 | D:3      | Noticed a black bear
  1254 | D:3      | Noticed sn0wgr3's ghost (amateur GrFi)
  1322 | D:3      | Reached XP level 6. HP: 13/49 MP: 0/8
  1344 | D:3      | Reached skill level 9 in Earth Magic
  1345 | D:3      | Identified a potion of resistance
  1438 | D:3      | Found a glowing drain.
  1452 | D:3      | Reached * piety under Makhleb
  1464 | Sewer    | Entered a sewer
  1479 | Sewer    | Slain by a river rat

Vanquished Creatures
  Sigmund (D:2)
  Jessica (D:2)
  A river rat (D:3)
  4 worms
  A dart slug (D:3)
  8 orcs (D:3)
  5 ball pythons
  5 endoplasms
  4 giant cockroaches
  7 goblins
  9 hobgoblins
  2 jackals (D:1)
  4 quokkas
  8 bats
  2 frilled lizards (D:1)
  7 kobolds
  7 rats
76 creatures vanquished.

Table legend: (Time is in decaauts)
 A = Elapsed time spent in this place.
 B = Non-inter-level travel time spent in this place.
 C = Inter-level travel time spent in this place.
 D = Time resting spent in this place.
 E = Time spent auto-exploring this place.
 F = Levels seen in this place.
 G = Mean time per level.
                   A        B        C        D        E       F      G
               +--------+--------+--------+--------+--------+-----+--------+
         Total |   1479 |   1479 |      0 |      0 |      0 |   4 |  369.8 |
       Dungeon |   1464 |   1464 |      0 |      0 |      0 |   3 |  488.0 |
         Sewer |     14 |     14 |      0 |      0 |      0 |   1 |   14.0 |
               +--------+--------+--------+--------+--------+-----+--------+

Top non-repeatable levels by time:
     D:2: 570 daAuts
     D:1: 520 daAuts
     D:3: 373 daAuts
   Sewer: 14 daAuts

Table legend:
 A = Non-vault XP
 B = Vault XP
 C = Vault XP percentage of total XP
 D = Non-vault monster count
 E = Vault monster count
 F = Vault count percentage of total count
                 A         B        C        D         E       F
            +---------+---------+-------+---------+---------+-------
      Total |     134 |     288 |  68.2 |      67 |       9 |  11.8
            +---------+---------+-------+---------+---------+-------
        D:1 |      44 |       0 |   0.0 |      27 |       0 |   0.0
        D:2 |      44 |     264 |  85.7 |      22 |       2 |   8.3
        D:3 |      46 |      22 |  32.4 |      18 |       5 |  21.7
      Sewer |       0 |       2 | 100.0 |       0 |       2 | 100.0
            +---------+---------+-------+---------+---------+-------
